 Dungeon Crawl Stone Soup version 0.18.1-8-gdd0e5ea (webtiles) character file.

955 ricardofg the Conjurer (level 8, -4/44 HPs)
             Began as a Gargoyle Wizard on May 19, 2016.
             Was an Initiate of Vehumet.
             Slain by an orc
             ... wielding a +0 whip
              (6 damage)
             ... on level 6 of the Dungeon on May 21, 2016.
             The game lasted 00:26:18 (9036 turns).

ricardofg the Conjurer (Gargoyle Wizard)            Turns: 9036, Time: 00:26:19

Health: -4/44      AC: -4    Str: 11    XL:     8   Next: 14%
Magic:  11/16      EV: 12    Int: 21    God:    Vehumet [......]
Gold:   274        SH:  0    Dex:  8    Spells: 4 memorised, 9 levels left

rFire  . . .     SeeInvis .     g - +2 whip (pain)
rCold  . . .     Gourm    .     a - +0 robe
rNeg   + . .     Faith    .     (no shield)
rPois  ∞         Spirit   .     b - +0 hat
rElec  +         Dismiss  .     (no cloak)
rCorr  .         Reflect  .     s - +0 pair of gloves
SustAt .         Harm     .     G - +2 pair of boots
MR     .....                    D - amulet of regeneration
Stlth  ++........               (no ring)
                                (no ring)

@: corroded, not resistant to hostile enchantments, unstealthy
A: negative energy resistance 1, electricity resistance, unbreathing,
petrification resistance, rot immunity, AC +5
a: Renounce Religion


You were on level 6 of the Dungeon.
You worshipped Vehumet.
Vehumet was noncommittal.
You were not hungry.

You visited 2 branches of the dungeon, and saw 7 of its levels.

You collected 274 gold pieces.

Inventory:

Hand Weapons
 g - a +2 whip of pain (weapon)
Armour
 a - a +0 robe (worn)
 b - a +0 hat (worn)
 s - a +0 pair of gloves (worn)
 G - a +2 pair of boots (worn)
Jewellery
 D - an amulet of regeneration (around neck)
Wands
 E - a wand of paralysis (19/24)
 F - a wand of slowing (18/48)
Scrolls
 f - 2 scrolls of teleportation
 i - 3 scrolls of remove curse
 j - 3 scrolls of blinking {unknown}
 k - 2 scrolls of recharging {unknown}
 q - 3 scrolls of magic mapping {unknown}
 t - a scroll of immolation {unknown}
 w - a scroll of enchant weapon {unknown}
 y - a scroll of amnesia {unknown}
 A - a scroll of fog {unknown}
 C - a scroll of noise {unknown}
Potions
 e - a potion of flight {unknown}
 l - a potion of invisibility {unknown}
 m - 2 potions of lignification
 p - a potion of curing
 x - a potion of berserk rage {unknown}
 z - 2 potions of haste {unknown}
Books
 c - a book of Minor Magic

   Spells                             Type                      Level
   a - Magic Dart                     Conjuration                  1
   b - Blink                          Translocation                2
   c - Call Imp                       Summoning                    2
   d - Repel Missiles                 Charms/Air                   2
   e - Slow                           Hexes                        2
   f - Conjure Flame                  Conjuration/Fire             3
   g - Mephitic Cloud                 Conjuration/Poison/Air       3
Comestibles
 d - 4 bread rations
 h - a chunk of flesh
 n - 2 slices of pizza
 o - a royal jelly
 r - 3 beef jerkies
 v - a meat ration
 B - 3 fruits


   Skills:
 + Level 1.6 Fighting
 + Level 1.7 Maces & Flails
 + Level 1.9 Armour
 + Level 2.1 Dodging
 - Level 2.1 Stealth
 + Level 5.5 Spellcasting
 + Level 5.8 Conjurations
   Level 0.8 Summonings
   Level 0.8 Translocations
 * Level 2.0 Fire Magic
 * Level 1.2 Air Magic
 + Level 1.1 Evocations


You had 9 spell levels left.
You knew the following spells:

 Your Spells              Type           Power        Failure   Level  Hunger
a - Magic Dart            Conj           ####         1%          1    None
b - Repel Missiles        Chrm/Air       #.....       12%         2    None
c - Conjure Flame         Conj/Fire      ###.....     10%         3    ##.....
d - Mephitic Cloud        Conj/Pois/Air  ###.....     14%         3    ##.....


Dungeon Overview and Level Annotations

Branches:
Dungeon (6/15)             Temple (1/1) D:5

Altars:
Ashenzari
Cheibriados
Dithmenos
Elyvilon
Gozag
Makhleb
Nemelex Xobeh
Okawaru
Pakellas
Qazlal
Ru
Sif Muna
Vehumet
Xom
Yredelemnul
Zin
The Shining One

Shops:
D:5 %

Annotations:
D:3 dogface's ghost, weakling DsBe


Innate Abilities, Weirdness & Mutations

You are resistant to torment.
Your stone body is resilient (AC +5).
You are immune to poison.
You resist negative energy.
You are resistant to electric shocks.
You can survive without breathing.
You are immune to petrification.
You are immune to rotting.


Message History

Press: ? - help, Shift-Dir - straight line, f - jelly, p - orc
Aim: a jelly (almost dead)
Okay, then.
Drink which item? (? for menu, Esc to quit)
You feel better. The jelly hits you.
* * * LOW HITPOINT WARNING * * *
You are splashed with acid!
The acid corrodes you!
The acid burns!
* * * LOW HITPOINT WARNING * * *
Casting: Magic Dart
Confirm with . or Enter, or press ? or * to list all spells.
Aiming: Magic Dart
Press: ? - help, Shift-Dir - straight line, f - jelly, p - orc
Aim: a jelly (almost dead)
The magic dart hits the jelly.
You kill the jelly!
Vehumet accepts your kill.
Drink which item? (? for menu, Esc to quit)
Okay, then.
The orc seems less confused.
The orc hits you with a whip.
You die...

. #. # #. # #. #
###.#.## ##.## .###
........ ...o. ....#
.#.#...# #.#.#..#..#
...#...# #.#.#......
.###...# #.#.oo.#
.###...#######.#@####...
.#..........##.#.o......
...............#.####...
##..........###..#
###...###### #.## #...#
#.# #...# #.# #...# #.#
#...# #.#


You could see an orc wizard (confused) and 3 orcs.

Vanquished Creatures
  An ice beast (D:6)
  An ogre (D:4)
  A centaur (D:5)
  A big kobold (D:4)
  A scorpion (D:4)
  A crimson imp (D:5)
  2 jellies
  An orc priest (D:4)
  2 hounds
  An iguana (D:4)
  An orc wizard (D:4)
  4 worker ants
  Robin (D:2)
  7 adders
  An ooze (D:2)
  6 worms
  3 dart slugs
  6 giant geckos
  7 orcs
  A ball python (D:4)
  14 bats
  6 giant cockroaches
  10 hobgoblins
  6 jackals
  6 quokkas
  4 giant newts
  28 goblins
  12 kobolds
  2 quokka zombies (D:5)
  10 rats
147 creatures vanquished.

Notes
Turn   | Place    | Note
--------------------------------------------------------------
     0 | D:1      | ricardofg the Gargoyle Wizard began the quest for the Orb.
     0 | D:1      | Reached XP level 1. HP: 10/10 MP: 4/4
   929 | D:1      | Reached XP level 2. HP: 11/15 MP: 6/6
  1347 | D:1      | Reached XP level 3. HP: 11/19 MP: 7/7
  2554 | D:2      | Reached XP level 4. HP: 16/24 MP: 2/9
  2765 | D:2      | Learned a level 2 spell: Repel Missiles
  2769 | D:2      | Learned a level 3 spell: Conjure Flame
  3132 | D:2      | Learned a level 3 spell: Mephitic Cloud
  3161 | D:2      | Noticed Robin
  3201 | D:2      | Killed Robin
  3551 | D:2      | Found an opulent altar of Gozag.
  3559 | D:2      | Found an oddly glowing altar of Pakellas.
  3566 | D:2      | Reached XP level 5. HP: 19/28 MP: 11/11
  3668 | D:2      | Found a snail-covered altar of Cheibriados.
  3668 | D:2      | Found a glowing golden altar of the Shining One.
  3669 | D:2      | Found a white marble altar of Elyvilon.
  3669 | D:2      | Found a burning altar of Makhleb.
  3670 | D:2      | Found a shattered altar of Ashenzari.
  3671 | D:2      | Found a shimmering altar of Xom.
  3672 | D:2      | Found an iron altar of Okawaru.
  3673 | D:2      | Found a deep blue altar of Sif Muna.
  4406 | D:3      | Noticed dogface's ghost (weakling DsBe)
  4489 | D:2      | Upgraded the game from 0.18.1-6-gd335043 to 0.18.1-8-gdd0e5ea
  5991 | D:3      | Found a sparkling altar of Nemelex Xobeh.
  5994 | D:3      | Reached XP level 6. HP: 32/32 MP: 13/13
  6172 | D:4      | Reached skill level 5 in Spellcasting
  6172 | D:4      | Reached skill level 5 in Conjurations
  6504 | D:4      | Reached XP level 7. HP: 33/36 MP: 14/14
  6763 | D:4      | Reached skill level 1 in Maces & Flails
  7041 | D:4      | Reached skill level 1 in Fire Magic
  7280 | D:5      | Entered Level 5 of the Dungeon
  7284 | D:5      | Reached skill level 1 in Armour
  7441 | D:5      | Got a translucent ring mail
  7452 | D:5      | Identified the +5 ring mail of Beyond {Str+4} (You found it on level 5 of the Dungeon)
  7518 | D:5      | Reached skill level 1 in Fighting
  8205 | D:5      | Found Laam Qof's Food Shoppe.
  8513 | D:5      | Found a staircase to the Ecumenical Temple.
  8522 | Temple   | Entered the Ecumenical Temple
  8621 | Temple   | Became a worshipper of Vehumet
  8820 | D:6      | Reached skill level 1 in Air Magic
  8820 | D:6      | Reached skill level 1 in Evocations
  8847 | D:6      | Reached XP level 8. HP: 43/43 MP: 2/16
  9034 | D:6      | HP: 1/43 [acid (8)]
  9036 | D:6      | Slain by an orc

Skill      XL: |  1  2  3  4  5  6  7 |
---------------+----------------------+-----
Conjurations   | 2 3 4 5 |  5.8
Spellcasting   | 4 5 |  5.5
Maces & Flails | 1 |  1.7
Fire Magic     | 2 |  2.0
Armour         | 1 |  1.9
Fighting       | 1 |  1.6
Dodging        | 2 |  2.1
Air Magic      | 1 |  1.2
Evocations     | 1 |  1.1
Stealth        | |  2.1
Summonings     | |  0.8
Translocations | |  0.8

Action                   |  1- 3 |  4- 6 |  7- 9 || total
-------------------------+-------+-------+-------++-------
Melee: Unarmed           |    24 |       |       ||    24
       Whip              |   120 |   349 |   148 ||   617
 Cast: Magic Dart        |    55 |    81 |    60 ||   196
       Conjure Flame     |       |     5 |     2 ||     7
       Mephitic Cloud    |       |     2 |     4 ||     6
       Repel Missiles    |       |       |     2 ||     2
  Use: Scroll            |       |     3 |     4 ||     7
       Potion            |       |       |     1 ||     1
 Stab: Sleeping          |     1 |     1 |     3 ||     5
       Confused          |       |     1 |       ||     1
  Eat: Chunk             |     5 |    12 |     5 ||    22
       Beef jerky        |       |     1 |       ||     1
       Fruit             |       |       |     4 ||     4
Armor: Robe              |    69 |   143 |    48 ||   260
Dodge: Dodged            |   114 |   243 |   111 ||   468
       Deflected         |       |       |     2 ||     2
